 Dungeon Crawl Stone Soup version 0.30.0-13-g156ef70053 (webtiles) character file.

Game seed: 4690140948938721046

59 javelincjr the Ducker (level 4, 0/31 HPs)
             Began as a Djinni Earth Elementalist on May 17, 2023.
             Slain by a gnoll
             ... wielding a +0 club
              (5 damage)
             ... on level 2 of the Dungeon.
             The game lasted 00:04:28 (1561 turns).

javelincjr the Ducker (Djinni Earth Elementalist)   Turns: 1561, Time: 00:04:28

Health: 0/31       AC:  2    Str:  7    XL:     4   Next: 22%
Gold:   88         EV: 13    Int: 18    God:
                   SH:  0    Dex: 14

rFire   + + .        h - +0 flail
rCold   x . .        (no shield)
rNeg    . . .        a - +0 robe
rPois   ∞            (no helmet)
rElec   .            (no cloak)
rCorr   .            (no gloves)
SInv    .            (boots unavailable)
Will    .....        (no amulet)
Stlth   ++           (no ring)
HPRegen 0.25/turn    (no ring)
MPRegen 0.00/turn

%: infuse magic (-1 HP)
@: flying
A: sickness immunity, fire resistance 2, cold vulnerability 1, float, innate
caster, HP casting, extra vitality 1
a: no special abilities


You were on level 2 of the Dungeon.
You visited 1 branch of the dungeon, and saw 2 of its levels.

You collected 88 gold pieces.

Inventory:

Hand Weapons
 h - a +0 flail (weapon)
Armour
 a - a +0 robe (worn)
Scrolls
 b - 2 scrolls of amnesia {unknown}
 c - a scroll of fog {unknown}
 d - a scroll of identify {unknown}
 e - a scroll of teleportation {unknown}
 g - a scroll of silence {unknown}
 j - a scroll of vulnerability {unknown}
 k - a scroll of poison {unknown}
 n - a scroll of enchant weapon {unknown}
Potions
 f - a potion of haste {unknown}
 i - a potion of flight {unknown}
 l - a potion of attraction {unknown}
 m - a potion of mutation {unknown}
 o - 2 potions of lignification {unknown}


   Skills:
 + Level 0.9 Fighting
 + Level 0.6 Maces & Flails
 + Level 2.9 Dodging
 + Level 2.2 Stealth
 * Level 2.9 Spellcasting


You knew the following spells:

 Your Spells              Type           Power      Damage    Failure   Level
a - Sandblast             Erth           26%        2d8       4%          1
b - Passwall              Tmut/Erth      10%        N/A       8%          2
c - Stone Arrow           Conj/Erth      26%        3d8       16%         3
d - Petrify               Tmut/Erth      13%        N/A       45%         4
e - Beastly Appendage     Tmut           26%        N/A       4%          1
Your spell library was empty.

Dungeon Overview and Level Annotations

Branches:
Dungeon (2/15)

Altars:

Shops:
D:1 (


Innate Abilities, Weirdness & Mutations

You are immune to sickness and miasma.
You are immune to poison.
Your flesh is very heat resistant. (rF++)
You are vulnerable to cold. (rC-)
You float through the air rather than walking.
You learn spells naturally, not from books.
Your magical power is your life essence.
You have superior vitality. (+4 MHP)


Message History

Aim: a gnoll, wielding a +0 spear (severely wounded, 84% to hit)
The blast of sand hits the gnoll.
You kill the gnoll!
Your transformation is almost over.
The gnoll hits you with a +0 club.
You have reached level 4!
You feel agile.
You barely miss the gnoll. The gnoll hits you with a +0 club.
You thump the gnoll!
The gnoll is heavily wounded.
The gnoll barely misses you.
Casting: Sandblast (safe; 5% risk of failure)
Confirm with . or Enter, or press ? or * to list all spells.
Aiming: Sandblast (safe; 5% risk of failure)
Press: ? - help, Shift-Dir - straight line, f - gnoll
Aim: a gnoll, wielding a +0 whip (84% to hit)
The blast of sand hits the gnoll.
The gnoll is moderately wounded.
The gnoll hits you with a +0 whip. The gnoll hits you with a +0 club.
The gnoll hits you with a +0 whip. The gnoll hits you with a +0 club!
The gnoll attacks as you move away! The gnoll hits you with a +0 whip.
* * * LOW HITPOINT WARNING * * *
You sock the gnoll! You headbutt the gnoll.
You kill the gnoll!
You closely miss the gnoll.
The gnoll is heavily wounded.
The gnoll hits you with a +0 club.
* * * LOW HITPOINT WARNING * * *
The gnoll barely misses you.
Casting: Sandblast (safe; 4% risk of failure)
Confirm with . or Enter, or press ? or * to list all spells.
Okay, then.
You hit the gnoll but do no damage.
The gnoll is heavily wounded.
Your horns disappear.
The gnoll barely misses you.
You closely miss the gnoll.
The gnoll is heavily wounded.
The gnoll hits you with a +0 club.
You die...

#.# #.......## #.#
#.......+. ####.#
#.......## #.##.#
#.......## ..##.#
#......... #.##.#
#......... # #.##.#
#)†.......
#.###.##'###.......##
#..g@............####
#....##.#..........#
# #...)
#.#..........# #
#.... #.#..........#
# ......
#.####......:# #
####... #.# #.......#
# #... #.# #########
#### #.# #.#


You could see a gnoll.

Vanquished Creatures
  3 gnolls
  A worm (D:2)
  A dart slug (D:1)
  3 ball pythons
  4 bats
  An endoplasm (D:1)
  A giant cockroach (D:2)
  2 goblins (D:1)
  3 hobgoblins
  A frilled lizard (D:1)
  2 kobolds
  3 rats (D:1)
25 creatures vanquished.

Notes
Turn   | Place    | Note
-------+----------+-------------------------------------------
     0 | D:1      | javelincjr the Djinni Earth Elementalist began the quest
                  | for the Orb.
     0 | D:1      | javelincjr set off with the following spells memorised:
                  | Sandblast, Passwall, Stone Arrow, Petrify.
     0 | D:1      | Reached XP level 1. HP: 15/15 MP: 0/0
   212 | D:1      | Reached XP level 2. HP: 10/21 MP: 0/0
   292 | D:1      | Found Sautitan's Antique Weapon Boutique.
   481 | D:1      | Reached XP level 3. HP: 24/25 MP: 0/0
   481 | D:1      | Learned a level 1 spell: Beastly Appendage
  1554 | D:2      | Reached XP level 4. HP: 26/31 MP: 0/0
  1561 | D:2      | Slain by a gnoll

Illustrated notes

Levels and vault maps discovered:
D:1:      dpeg_arrival_circle_labyrinth_b, layout_basic, serial_shops,
          nicolae_shop_peninsula
D:2:      layout_basic

Skill      XL: |  1  2 |
---------------+-------+-----
Stealth        | 2 |  2.2
Fighting       | |  0.9
Maces & Flails | |  0.6
Dodging        | |  2.9
Spellcasting   | |  2.9

Action                     |  1- 3 |  4- 6 || total
---------------------------+-------+-------++-------
  Melee: Flail             |     1 |     6 ||     7
         Headbutt          |       |     1 ||     1
   Cast: Sandblast         |    38 |     1 ||    39
         Beastly Appendage |     1 |       ||     1
 Armour: Robe              |     1 |       ||     1
  Dodge: Dodged            |     6 |     3 ||     9
